 Dungeon Crawl Stone Soup version 0.27-a0-409-gd57800a693 (webtiles) character file.

Game seed: 3120508013411869675

1 Chiseanne the Vexing (level 1, -1/16 HPs)
             Began as a Demonspawn Wanderer on Feb 23, 2021.
             Slain by a hobgoblin
             ... wielding a +0 club
              (6 damage)
             ... on level 1 of the Dungeon.
             The game lasted 00:00:07 (39 turns).

Chiseanne the Vexing (Demonspawn Wanderer)            Turns: 39, Time: 00:00:08

Health: -1/16      AC:  2    Str: 11    XL:     1   Next: 16%
Magic:  2/2        EV: 11    Int: 14    God:
Gold:   0          SH:  0    Dex: 12    Spells: 1/2 levels left

rFire    . . .     SeeInvis .   a - +2 spear
rCold    . . .     Faith    .   (no shield)
rNeg     . . .     Spirit   .   d - +0 robe
rPois    .         Reflect  .   (no helmet)
rElec    .         Harm     .   (no cloak)
rCorr    .         Rampage  .   (no gloves)
Will     .....                  (no boots)
Stlth    +.........             (no amulet)
HPRegen  0.05/turn              (no ring)
MPRegen  0.08/turn              (no ring)

@: no status effects
A: no striking features
a: no special abilities


You were on level 1 of the Dungeon.
You visited 1 branch of the dungeon, and saw 1 of its levels.

Inventory:

Hand Weapons
 a - a +2 spear (weapon)
Missiles
 b - 13 poisoned darts
Armour
 d - a +0 robe (worn)
Scrolls
 c - a scroll of teleportation
 e - a scroll of identify {unknown}


   Skills:
 * Level 2.0 Fighting
 - Level 1.0 Polearms
 * Level 0.1 Dodging
 - Level 1.0 Shields
 - Level 1.0 Spellcasting
 - Level 3.0 Hexes
 - Level 1.0 Summonings
 - Level 1.0 Evocations


You had one spell level left.
You knew the following spells:

 Your Spells              Type           Power        Failure   Level
a - Pain                  Necr           0%           26%         1

Your spell library contained the following spells:

 Spells                   Type           Power        Failure   Level
 Vampiric Draining        Necr           0%           61%         3


Dungeon Overview and Level Annotations

Branches:
Dungeon (1/15)

Altars:


Message History

You hear a roar!
b - 13 poisoned darts;
e - a scroll labelled KATIC AGREU A hobgoblin comes into view.
It is wielding a +0 club.
The hobgoblin shouts!
A goblin comes into view. It is wielding a +0 club.
You closely miss the goblin. The goblin hits you but does no damage.
You barely miss the goblin. The goblin hits you with a +0 club.
You puncture the goblin!
You kill the goblin!
You closely miss the hobgoblin.
The hobgoblin hits you but does no damage.
You barely miss the hobgoblin. The hobgoblin hits you with a +0 club!
You are too injured to fight recklessly!
You are too injured to fight recklessly!
You are too injured to fight recklessly!
You are too injured to fight recklessly!
You are too injured to fight recklessly!
You are too injured to fight recklessly!
You are too injured to fight recklessly!
You are too injured to fight recklessly!
You are too injured to fight recklessly!
You are too injured to fight recklessly!
You are too injured to fight recklessly!
You are too injured to fight recklessly!
You are too injured to fight recklessly!
You are too injured to fight recklessly!
You are too injured to fight recklessly!
You are too injured to fight recklessly!
You are too injured to fight recklessly!
You are too injured to fight recklessly!
You are too injured to fight recklessly!
You are too injured to fight recklessly!
You are too injured to fight recklessly!
You are too injured to fight recklessly!
You barely miss the hobgoblin. The hobgoblin hits you with a +0 club.
* * * LOW HITPOINT WARNING * * *
You hit the hobgoblin.
The hobgoblin is heavily wounded.
The hobgoblin hits you with a +0 club.
You die...

## .# .. ###.## .#
.....# .......
.#... .. ... #.
#g# # #########
#.# #@##.####
#.......# #.#
#........
#...8.8.## #.#
#.##.####
.........# #.# #.#
# ........8#
#.###.#
.#..###..###.....#
.#..#S#...##..##.#
.#..#D#..8#...##.#
.#..#h#.....#.##..


You could see a hobgoblin.

Vanquished Creatures
  A goblin (D:1)
1 creature vanquished.

Notes
Turn   | Place    | Note
-------+----------+-------------------------------------------
     0 | D:1      | Chiseanne the Demonspawn Wanderer began the quest for the
                  | Orb.
     0 | D:1      | Chiseanne set off with the following items: a +2 spear, a
                  | scroll of teleportation, a +0 robe; and the following spell
                  | memorised: Pain; and the following spells available to
                  | memorise: Vampiric Draining
     0 | D:1      | Reached XP level 1. HP: 16/16 MP: 2/2
     6 | D:1      | Noticed a water moccasin
     6 | D:1      | Noticed a black bear
     7 | D:1      | Noticed a six-headed hydra
    39 | D:1      | Slain by a hobgoblin

Illustrated notes

Levels and vault maps discovered:
D:1:      onia_arrival_zoo_common, layout_loops_ring, minmay_misc_feat_ornament,
          st_stairs_3, chequers_jeans, minmay_pentomino_r4

Action                   || total
-------------------------++-------
Melee: Spear             ||     7

Table legend: (Time is in decaauts)
 A = Elapsed time spent in this place.
 B = Non-inter-level travel time spent in this place.
 C = Inter-level travel time spent in this place.
 D = Time resting spent in this place.
 E = Time spent auto-exploring this place.
 F = Levels seen in this place.
 G = Mean time per level.
                   A        B        C        D        E       F      G
               +--------+--------+--------+--------+--------+-----+--------+
         Total |     39 |     39 |      0 |      0 |     30 |   1 |   39.0 |
       Dungeon |     39 |     39 |      0 |      0 |     30 |   1 |   39.0 |
               +--------+--------+--------+--------+--------+-----+--------+

Top non-repeatable levels by time:
     D:1: 39 daAuts
